 Dungeon Crawl Stone Soup version 0.30-a0-223-gcb0039aa0c (webtiles) character file.

Game seed: 15472517458971896255

255542 rogsnak the Earth Mage (level 19, -6/140 HPs)
             Began as a Grey Draconian Earth Elementalist on Oct 4, 2022.
             Was the Champion of Kikubaaqudgha.
             Mangled by a water elemental (15 damage)
             ... on level 1 of the Elven Halls on Oct 9, 2022.
             The game lasted 03:38:36 (37994 turns).

rogsnak the Earth Mage (DrEE)                      Turns: 37994, Time: 03:38:37

Health: -6/140     AC: 23    Str: 11    XL:     19   Next: 5%
Magic:  14/50      EV: 15    Int: 29    God:    Kikubaaqudgha [******]
Gold:   3004       SH:  4    Dex: 14    Spells: 15/55 levels left

rFire   + . .      SeeInvis +    h - +7 trident of False Accusations {freeze, rC+ rN+ Int+3 Dex+6}
rCold   + . .      Faith    .    v - +0 buckler
rNeg    + . .      Spirit   .    (body armour unavailable)
rPois   .          Reflect  .    Q - +2 hat {Int+3}
rElec   .          Harm     .    r - +1 cloak of Oleigg {Fly}
rCorr   +          Rampage  .    x - +2 pair of gloves {infuse}
Will    ++...                    J - +0 pair of boots
Stlth   +++.......               N - amulet of magic regeneration
HPRegen 0.43/turn                m - ring of magical power
MPRegen 0.72/turn                s - ring of Ifubu {rF+ Will+ rCorr Dex-4 SInv}

@: about to teleport, death channelling (expiring), flying
A: AC +15, amphibious, unfitting armour, cold-blooded
}: 2/15 runes: serpentine, barnacled
a: Renounce Religion, Unearth Wretches, Torment


You were on level 1 of the Elven Halls.
You worshipped Kikubaaqudgha.
Kikubaaqudgha was exalted by your worship.
You visited 7 branches of the dungeon, and saw 32 of its levels.
You also visited: Ice Cave and Volcano.

You collected 4675 gold pieces.
You spent 1671 gold pieces at shops.

Inventory:

Hand Weapons
 d - a +0 demon trident of pain
 h - the +7 trident of False Accusations (weapon) {freeze, rC+ rN+ Int+3 Dex+6}
   (You took it off a gnoll on level 6 of the Dungeon)

   It freezes those it strikes, dealing additional cold damage.
   It can also slow down cold-blooded creatures.
   Int:       It affects your intelligence (+3).
   Dex:       It affects your dexterity (+6).
   rC:        It protects you from cold.
   rN:        It protects you from negative energy.
 A - the +11 rapier of Fatigue {holy, rC- rN+++ Stlth+}
   (You found it on level 4 of the Shoals)

   It has been blessed by the Shining One to cause great damage to the undead
   and demons.
   rC:        It makes you vulnerable to cold.
   rN:        It renders you almost immune to negative energy.
   Stlth:     It makes you more stealthy.
 W - the +12 glaive of Prune {vorpal}
   (You found it on level 4 of the Lair of Beasts)

   It inflicts extra damage upon your enemies.
   It halves damage taken while paralysed, petrified or unconscious.
Missiles
 g - 4 boomerangs of dispersal
 C - 5 throwing nets
Armour
 r - the +1 cloak of Oleigg (worn) {Fly}
   (You acquired it on level 7 of the Dungeon)

   Fly:       It grants you flight.
 v - a +0 buckler (worn)
 w - a +2 kite shield of poison resistance
 x - a +2 pair of gloves of infusion (worn)
 D - a +1 kite shield of fire resistance
 J - a +0 pair of boots (worn)
 Q - a +2 hat of intelligence (worn)
Jewellery
 b - a ring of poison resistance
 m - a ring of magical power (left hand)
 o - a +4 ring of slaying
 p - a ring of wizardry
 s - the ring of Ifubu (right hand) {rF+ Will+ rCorr Dex-4 SInv}
   (You acquired it on level 11 of the Dungeon)

   [ring of protection from fire]

   Dex:       It affects your dexterity (-4).
   rF:        It protects you from fire.
   SInv:      It lets you see invisible.
   rCorr:     It protects you from acid and corrosion.
   Will:      It increases your willpower.
 z - a ring of ice
 N - an amulet of magic regeneration (around neck)
Wands
 c - a wand of polymorph (24)
 i - a wand of digging (5)
 q - a wand of mindburst (16)
 G - a wand of iceblast (23)
 T - a wand of flame (22)
 Y - a wand of light (24)
Scrolls
 f - 3 scrolls of summoning
 j - 2 scrolls of poison
 k - 5 scrolls of fog
 n - 6 scrolls of magic mapping
 y - 7 scrolls of enchant weapon
 B - 4 scrolls of immolation
 F - 3 scrolls of enchant armour
 L - 2 scrolls of brand weapon
 O - 4 scrolls of amnesia
 P - 6 scrolls of fear
 R - 9 scrolls of teleportation
Potions
 a - 4 potions of magic
 e - 6 potions of might
 l - 8 potions of flight
 t - 8 potions of cancellation
 u - 13 potions of curing
 E - 4 potions of berserk rage
 H - 9 potions of haste
 I - 3 potions of ambrosia
 K - 5 potions of mutation
 M - 2 potions of resistance
 S - 3 potions of heal wounds
 V - 2 potions of brilliance
Miscellaneous
 X - a lightning rod (4/4)
 Z - a phial of floods


   Skills:
 + Level 5.8 Fighting
 + Level 7.3 Dodging
 - Level 6.3 Stealth
 + Level 2.4 Shields
 + Level 18.6 Spellcasting
 + Level 13.7 Conjurations
 + Level 17.0 Necromancy
 + Level 1.0 Transmutations
 + Level 19.6 Earth Magic
 + Level 0.2 Evocations


You had 15 spell levels left.
You knew the following spells:

 Your Spells              Type           Power      Damage    Failure   Level
a - Sandblast             Erth           100%       2d20      0%          1
b - Stone Arrow           Conj/Erth      100%       3d13      0%          3
c - Necrotise             Necr           100%       1d9       0%          1
d - Borgnjor's Vile Clut  Necr/Erth      46%        N/A       1%          5
e - Death Channel         Necr           45%        N/A       1%          6
f - Lee's Rapid Deconstr  Erth           48%        3d24*     1%          5
g - Iskenderun's Battles  Conj           82%        2d13      1%          5
h - Iron Shot             Conj/Erth      44%        9d9       1%          6
i - Infestation           Necr           45%        N/A       12%         8

Your spell library contained the following spells:

 Spells                   Type           Power      Damage    Failure   Level
 Kiss of Death            Conj/Necr      100%       2d13      0%          1
 Vampiric Draining        Necr           90%        2d12      0%          3
 Apportation              Tloc           54%        N/A       1%          1
 Slow                     Hex            100%       N/A       1%          1
 Summon Small Mammal      Summ           100%       N/A       1%          1
 Passwall                 Tmut/Erth      60%        N/A       1%          2
 Hailstorm                Conj/Ice       61%        3d13      1%          3
 Anguish                  Hex/Necr       33%        N/A       1%          4
 Dispel Undead            Necr           90%        3d29      1%          4
 Leda's Liquefaction      Hex/Erth       35%        N/A       1%          4
 Petrify                  Tmut/Erth      72%        N/A       1%          4
 Agony                    Necr           90%        N/A       1%          5
 Spider Form              Tmut/Pois      29%        N/A       4%          3
 Statue Form              Tmut/Erth      48%        N/A       4%          6
 Call Canine Familiar     Summ           27%        N/A       6%          3
 Confusing Touch          Hex            27%        N/A       6%          3
 Frozen Ramparts          Ice            54%        1d9       6%          3
 Gell's Gravitas          Tloc           27%        N/A       6%          3
 Lesser Beckoning         Tloc           54%        N/A       6%          3
 Ozocubu's Armour         Ice            27%        N/A       6%          3
 Portal Projectile        Hex/Tloc       54%        N/A       6%          3
 Summon Guardian Golem    Hex/Summ       27%        N/A       6%          3
 Teleport Other           Tloc           27%        N/A       6%          3
 Orb of Destruction       Conj           41%        9d11      6%          7
 Simulacrum               Ice/Necr       33%        N/A       10%         6
 Borgnjor's Revivificati  Necr           45%        N/A       12%         8
 Ice Form                 Ice/Tmut       29%        N/A       16%         4
 Cause Fear               Hex            13%        N/A       21%         4
 Olgreb's Toxic Radiance  Pois           27%        N/A       21%         4
 Summon Ice Beast         Ice/Summ       27%        N/A       21%         4
 Alistair's Intoxication  Tmut/Pois      19%        N/A       41%         5
 Haunt                    Necr/Summ      33%        N/A       45%         7
 Summon Mana Viper        Hex/Summ       27%        N/A       50%         5
 Spellforged Servitor     Conj/Summ      30%        N/A       71%         7
 Death's Door             Necr           45%        N/A       88%         9
 Eringya's Noxious Bog    Tmut/Pois      14%        N/A       94%         6
 Necromutation            Tmut/Necr      34%        N/A       97%         8
 Ozocubu's Refrigeration  Ice            13%        4d10      100%        7
 Summon Hydra             Summ           13%        N/A       100%        7
 Disjunction              Tloc           13%        N/A       100%        8
 Ignition                 Fire           13%        3d6       100%        8


Dungeon Overview and Level Annotations

Branches:
Dungeon (15/15)            Temple (1/1) D:6            Lair (5/5) D:11
 Shoals (4/4) Lair:3        Snake (4/4) Lair:2        Slime (0/5) Lair:4
    Orc (2/2) D:10            Elf (1/3) Orc:2        Vaults (0/5) D:13
 Depths (0/4) D:15          IceCv (visited)         Volcano (visited)

Altars:
Ashenzari
Cheibriados
Dithmenos
Elyvilon
Fedhas
Gozag
Hepliaklqana
Kikubaaqudgha
Makhleb
Nemelex Xobeh
Okawaru
Qazlal
Ru
Sif Muna
Trog
Uskayaw
Vehumet
Wu Jian
Xom
Yredelemnul
Zin
The Shining One
Jiyva

Shops:
D:3 !*:(   D:6 (   D:7 [   D:11 [   Orc:2 *?=(   Elf:1 [   Shoals:1 [
Shoals:2 **(   Snake:1 =   Snake:4 ([

Portals:
Trove: D:11 (give 7 scrolls of blinking)

Annotations:
D:10 2 runed translucent doors
Shoals:2 Bediveer's ghost, adept KoHu
Snake:1 1 transporter
Snake:3 1 runed translucent door, Holoquod's ghost, adept MiMo
Elf:1 Zenata


Innate Abilities, Weirdness & Mutations

Your dull iron-grey scales are very hard. (AC +15)
You are amphibious.
You cannot fit into any form of body armour.
You are cold-blooded and may be slowed by cold attacks.


Message History

The +5 dire flail of holy wrath hits you!!
* * * LOW HITPOINT WARNING * * *
The +5 dire flail of holy wrath hits you!!
* * * LOW HITPOINT WARNING * * *
The +4 flail of holy wrath closely misses you.
Blink to where?
Press: ? - help, Dir - move target You can't see that place. [Stash: a +0 battleaxe] [the floor.]
Okay, then.
Blink to where?
Press: ? - help, Dir - move target
As you read the scroll of blinking, it crumbles to dust.
Your surroundings suddenly seem different.
A water elemental comes into view.
Found Cuteoth's Armour Shop.
The deep elf knight shouts!
Unknown command.
Unknown command.
Okay, then.
You feel much better.
Your unholy channel is weakening.
Unknown command.
As you read the scroll of teleportation, it crumbles to dust.
You feel strangely unstable.
Unknown command.
The water elemental hits you!
* * * LOW HITPOINT WARNING * * *
The water elemental engulfs you in water!
Unknown command.
Unknown command.
You slip free of the water engulfing you.
Found a scroll of vulnerability.
The water engulfing you falls away.
Unknown command.
Unknown command.
The water elemental attacks as you move away!
The water elemental hits you!
You die...
Kikubaaqudgha rasps: "You have failed me!
Welcome... death!"

.# #.....#?
#.# # #......
#.# .#.....
#.#.#....#
.∩......####.
#.#....#....
#...........
..
#..@E.......
..#
#.##e.......
#.. #.
#........ #.#
.. #...#....
#^###.. #.#.#
.##
#####......
...... .
##......#.##
#.#.###
.§(.).......
#...#
##(.....####
..#


You could see a deep elf knight and a water elemental.

Vanquished Creatures
  Vashnia (Snake:4)
  Jorgrun (Lair:2)
  Mlioglotl (Shoals:1)
  Frances (Snake:1)
  Gastronok (Lair:3)
  2 nagarajas (Snake:4)
  Aizul (Snake:1)
  A broodmother (shapeshifter) (D:15)
  A dire elephant (Lair:5)
  A merfolk javelineer (Shoals:4)
  8 merfolk impalers
  7 hydras
  5 salamander tyrants
  3 vault guards (D:13)
  4 merfolk avatars
  Fannar (Lair:2)
  6 centaur warriors
  4 alligator snapping turtles
  18 anacondas
  4 merfolk aquamancers
  2 ogre magi
  4 dancing weapons
  A satyr (Shoals:3)
  4 boulder beetles
  9 two-headed ogres
  4 tengu warriors
  5 death yaks
  An alligator (Shoals:2)
  2 catoblepae
  12 naga warriors
  11 naga sharpshooters
  An orc high priest (Orc:1)
  5 shock serpents
  Sonja (Lair:4)
  A shadow wraith (Shoals:3)
  3 salamander mystics
  12 skeletal warriors
  14 sea snakes
  A goliath frog (Shoals:2)
  3 naga ritualists
  5 harpies
  The ghost of pigah the Zephyrmancer, a novice OpAE of Gozag (D:7)
  An obsidian statue (Shoals:2)
  A deep elf archer (D:13)
  6 wizards
  A deep elf zephyrmancer (Elf:1)
  A lindwurm (Lair:5)
  5 orc knights
  8 deep elf pyromancers
  4 mana vipers
  A wolf spider (D:15)
  An orc sorcerer (D:13)
  An oklob plant (Lair:3)
  7 fauns
  4 ugly things
  A moth of wrath (shapeshifter) (D:13)
  8 cyclopes
  9 manticores
  5 toenail golems (Volcano)
  10 salamanders
  6 centaur zombies (D:10)
  6 merfolk sirens
  3 elephants
  8 guardian serpents
  2 ice statues (IceCv)
  27 black mambas
  4 water nymphs
  7 naga magi
  A torpor snail (Lair:5)
  9 cane toads
  Maggie (D:6)
  A gargoyle (D:12)
  4 rime drakes
  2 unseen horror zombies (D:10)
  A kobold demonologist (D:7)
  8 komodo dragons
  A freezing wraith (IceCv)
  A tengu conjurer (D:15)
  A meliai (Lair:4)
  23 merfolk
  A queen bee (Lair:4)
  6 polar bears
  7 hornets (Lair:4)
  9 trolls
  A wolf spider simulacrum (D:15)
  8 blink frogs
  A blink frog (shapeshifter) (D:13)
  4 dream sheep
  2 raiju (Lair:5)
  6 wind drakes
  3 snapping turtles
  12 slime creatures
  A centaur simulacrum (D:15)
  7 water elementals
  A vampire (D:13)
  A shadow (D:9)
  2 air elementals (Elf:1)
  6 wraiths
  6 wyverns
  A human (shapeshifter) (D:10)
  4 steam dragons
  39 yaks
  A death yak simulacrum (IceCv)
  7 basilisks
  9 vampire mosquitoes
  28 nagas
  6 wargs
  2 acid dragons
  9 hell hounds (Lair:5)
  14 water moccasins
  A sky beast (D:7)
  37 orc warriors
  3 ice beasts
  7 black bears
  24 wolves
  9 ogres
  17 centaurs
  A phantom (D:7)
  4 kobold brigands
  A necrophage (D:5)
  A scorpion (D:7)
  6 earth elementals
  17 bullfrogs
  2 cane toad simulacra (IceCv)
  3 gnoll sergeants
  9 wights
  An elephant simulacrum (IceCv)
  7 killer bees
  A howler monkey (D:9)
  19 orc priests
  3 hounds
  A gnoll bouda (D:6)
  4 iguanas
  Terence (D:3)
  17 orc wizards
  Natasha (thrice) (D:4)
  A polar bear simulacrum (IceCv)
  3 howler monkey zombies (D:10)
  14 gnolls
  9 adders
  A white imp (D:15)
  2 ufetubi
  4 dart slugs
  60 orcs
  5 bats
  5 endoplasms
  2 giant cockroaches
  8 goblins
  5 hobgoblins
  18 kobolds
  A quokka (D:3)
  8 ball pythons
  4 frilled lizards
  3 rats
919 creatures vanquished.

Vanquished Creatures (collateral kills)
  Rupert (D:12)
  A nagaraja (Snake:4)
  Louise (Shoals:4)
  The ghost of Saozxam the Sharpshooter, a journeyman KoHu of Gozag (Lair:4)
  A merfolk javelineer (Shoals:4)
  4 merfolk impalers
  3 merfolk avatars
  5 anacondas
  A vault guard (D:13)
  An alligator snapping turtle (Shoals:2)
  A merfolk aquamancer (Shoals:4)
  An alligator (Shoals:2)
  2 centaur warriors (D:15)
  A satyr (Shoals:4)
  A boulder beetle (D:13)
  3 naga warriors (Snake:4)
  A death yak (Lair:5)
  3 naga sharpshooters (Snake:4)
  3 skeletal warriors
  2 salamander mystics
  5 sea snakes
  4 naga ritualists
  A wizard (D:15)
  2 lindwurms (Lair:5)
  A deep elf pyromancer (Elf:1)
  4 harpies
  3 mana vipers
  3 salamanders (Snake:2)
  3 fauns
  7 manticores
  A guardian serpent (Snake:3)
  4 naga magi
  2 merfolk sirens (Shoals:4)
  7 black mambas
  3 water nymphs
  3 cane toads
  2 komodo dragons (Lair:5)
  A rime drake (Lair:4)
  16 merfolk
  5 polar bears (Lair:5)
  3 wind drakes (Shoals:4)
  2 hornets (Lair:4)
  12 blink frogs
  5 snapping turtles
  7 slime creatures
  3 dream sheep
  A raiju (Lair:5)
  A basilisk (Lair:3)
  13 yaks
  4 water elementals
  A fire elemental (Elf:1)
  A wyvern (Lair:2)
  A human (D:13)
  7 nagas
  A warg (Lair:5)
  5 hell hounds (Lair:5)
  2 orc warriors
  6 black bears (Lair:5)
  An ogre (D:15)
  10 wolves
  3 centaurs
  4 bullfrogs
  A gnoll sergeant (D:11)
  A lava snake (Snake:2)
  A gnoll (D:11)
  An ufetubus (D:15)
  11 orcs
  A plant (Shoals:4)
223 creatures vanquished.

Vanquished Creatures (others)
  A death knight (D:12)
  A centaur warrior (D:12)
  A boulder beetle (D:12)
  A sea snake (Shoals:4)
  A merfolk siren (Shoals:4)
  A water nymph (Shoals:4)
  A merfolk (Shoals:4)
  A troll (D:15)
  An orc (Orc:2)
  14 fungi
  81 plants
104 creatures vanquished.

Grand Total: 1246 creatures vanquished

Notes
Turn   | Place    | Note
-------+----------+-------------------------------------------
     0 | D:1      | rogsnak the Draconian Earth Elementalist began the quest
                  | for the Orb.
     0 | D:1      | Reached XP level 1. HP: 14/14 MP: 3/3
   215 | D:1      | Reached XP level 2. HP: 18/20 MP: 5/5
   253 | D:1      | Found a faded altar of an unknown god.
   922 | D:2      | Reached skill level 1 in Fighting
   922 | D:2      | Reached XP level 3. HP: 19/28 MP: 6/6
   989 | D:2      | Learned a level 3 spell: Stone Arrow
  1672 | D:3      | Found Cohahaim's Distillery.
  1845 | D:3      | Found Hecu's Book Shop.
  1894 | D:3      | Found Maafieci's Antique Weapon Shop.
  1900 | D:3      | Reached XP level 4. HP: 35/35 MP: 7/7
  1949 | D:3      | Found Weiset's General Store.
  2143 | D:3      | Noticed Terence
  2346 | D:3      | Bought a warped mace for 152 gold pieces
  2346 | D:3      | Identified the +7 mace "Eviscerator" {pain, rPois rN+} (You
                  | bought it in a shop on level 3 of the Dungeon)
  2533 | D:4      | Reached XP level 5. HP: 30/41 MP: 9/9
  2634 | D:4      | Reached skill level 4 in Earth Magic
  2704 | D:4      | Found an opulent altar of Gozag.
  2828 | D:4      | Noticed Natasha
  2831 | D:4      | Killed Natasha
  2992 | D:4      | Found a radiant altar of Vehumet.
  3110 | D:4      | Noticed a water moccasin
  3117 | D:4      | Killed a water moccasin
  3118 | D:4      | Reached XP level 6. HP: 27/50 MP: 10/10
  3301 | D:4      | Noticed Natasha
  3305 | D:4      | Killed Natasha
  3400 | D:4      | Noticed Natasha
  3405 | D:4      | Killed Natasha
  3420 | D:5      | Entered Level 5 of the Dungeon
  3460 | D:5      | Found a burning altar of Makhleb.
  3529 | D:5      | Your scales start taking on a dull iron-grey colour.
  3529 | D:5      | Reached skill level 5 in Earth Magic
  3529 | D:5      | Reached XP level 7. HP: 57/57 MP: 12/12
  3751 | D:5      | Identified the ring "Nucopn" {EV+4 Dex+2}
  4101 | D:6      | Reached skill level 6 in Earth Magic
  4164 | D:6      | Identified the +7 trident of False Accusations {freeze, rC+
                  | rN+ Int+3 Dex+6}
  4456 | D:3      | Killed Terence
  4560 | D:6      | Noticed a troll
  4565 | D:6      | Killed a troll
  4566 | D:6      | Reached skill level 1 in Conjurations
  4566 | D:6      | Reached XP level 8. HP: 63/63 MP: 10/15
  4675 | D:6      | Found a staircase to the Ecumenical Temple.
  4677 | D:6      | Noticed Maggie
  4686 | D:6      | Killed Maggie
  4687 | D:6      | Reached skill level 5 in Spellcasting
  4687 | D:6      | Reached skill level 7 in Earth Magic
  4696 | Temple   | Entered the Ecumenical Temple
  4763 | Temple   | Became a worshipper of Kikubaaqudgha
  5049 | D:6      | Reached skill level 1 in Necromancy
  5191 | D:6      | Found an ornate altar of the Wu Jian Council.
  5195 | D:6      | Found a shadowy altar of Dithmenos.
  5195 | D:6      | Found a stormy altar of Qazlal.
  5195 | D:6      | Found a shimmering blue altar of Sif Muna.
  5201 | D:6      | Found a hide-covered altar of Uskayaw.
  5205 | D:6      | Found an iron altar of Okawaru.
  5313 | D:6      | Found Geshrul's Weapon Boutique.
  5524 | D:7      | Noticed a kobold demonologist
  5562 | D:7      | Killed a kobold demonologist
  5563 | D:7      | Reached XP level 9. HP: 71/71 MP: 13/17
  5708 | D:7      | Found a transporter.
  5708 | D:7      | Noticed a troll
  5710 | D:7      | Noticed pigah's ghost (novice OpAE)
  5764 | D:7      | Found a transporter.
  5907 | D:7      | Reached skill level 8 in Earth Magic
  6082 | D:7      | Found Poawk's Antique Armour Emporium.
  6095 | D:7      | Bought a glowing hat for 210 gold pieces
  6251 | D:7      | Reached skill level 5 in Conjurations
  6492 | D:8      | Found a bloodstained altar of Trog.
  6649 | D:8      | Reached * piety under Kikubaaqudgha
  6649 | D:8      | Received a gift from Kikubaaqudgha
  6653 | D:8      | Upgraded the game from 0.30-a0-187-gd9c2deaf24 to
                  | 0.30-a0-218-gedb9141078
  6914 | D:8      | Found a sparkling altar of Nemelex Xobeh.
  7351 | D:9      | Reached skill level 9 in Earth Magic
  7357 | D:9      | Reached XP level 10. HP: 78/78 MP: 12/20
  7582 | D:9      | Found a shimmering altar of Xom.
  7769 | D:9      | Reached skill level 5 in Stealth
  8128 | D:9      | Found a hazy altar of Hepliaklqana.
  8166 | D:9      | Learned a level 1 spell: Necrotise
  8179 | D:9      | Reached skill level 10 in Earth Magic
  8339 | D:9      | Reached ** piety under Kikubaaqudgha
  8533 | D:9      | Noticed a cyclops
  8538 | D:9      | Killed a cyclops
  8539 | D:9      | Reached XP level 11. HP: 84/84 MP: 23/23
  8692 | D:10     | Entered Level 10 of the Dungeon
  8692 | D:10     | Found a large runed translucent door.
  8692 | D:10     | Found a large runed translucent door.
  8768 | D:10     | Reached skill level 5 in Necromancy
  8876 | D:10     | Found a large runed translucent door.
  8876 | D:10     | Found a large runed translucent door.
  8914 | D:10     | Reached skill level 11 in Earth Magic
  9074 | D:10     | Found a blossoming altar of Fedhas.
  9411 | D:10     | Found a basalt altar of Yredelemnul.
  9601 | D:10     | Reached *** piety under Kikubaaqudgha
  9601 | D:10     | Received a gift from Kikubaaqudgha
  9630 | D:10     | Learned a level 5 spell: Borgnjor's Vile Clutch
  9681 | D:10     | Noticed a two-headed ogre
  9687 | D:10     | Killed a two-headed ogre
  9739 | D:10     | Found a staircase to the Orcish Mines.
  9764 | D:10     | Reached skill level 5 in Dodging
  9867 | D:10     | Noticed an ogre mage
  9871 | D:10     | Killed an ogre mage
  9872 | D:10     | Reached skill level 10 in Spellcasting
  9872 | D:10     | Reached skill level 12 in Earth Magic
  9922 | D:10     | You fall into a shaft and drop 1 floor!
 10020 | D:11     | Reached XP level 12. HP: 92/92 MP: 26/26
 10143 | D:11     | Found a staircase to the Lair.
 10624 | D:11     | Found Hasatt's Antique Armour Emporium.
 11135 | D:11     | Identified a scroll of acquirement
 11210 | D:11     | Noticed a two-headed ogre
 11215 | D:11     | Killed a two-headed ogre
 11291 | D:11     | Reached **** piety under Kikubaaqudgha
 11386 | D:11     | Found a portal to a secret trove of treasure.
 11446 | D:12     | Noticed a two-headed ogre
 11469 | D:12     | Killed a two-headed ogre
 11491 | D:12     | Found an iron altar of Okawaru.
 11594 | D:12     | Reached skill level 13 in Earth Magic
 11720 | D:12     | Noticed a two-headed ogre
 11722 | D:12     | Noticed Rupert
 11852 | Orc:1    | Entered Level 1 of the Orcish Mines
 12009 | Orc:2    | Entered Level 2 of the Orcish Mines
 12009 | Orc:2    | Found a staircase to the Elven Halls.
 12126 | Orc:2    | Found a frozen archway.
 12131 | Orc:2    | Noticed a two-headed ogre
 12144 | IceCv    | Entered an ice cave
 12183 | IceCv    | Found a transporter.
 12193 | IceCv    | Found a transporter.
 12504 | IceCv    | Upgraded the game from 0.30-a0-218-gedb9141078 to
                  | 0.30-a0-222-ge547ba4400
 12521 | IceCv    | Learned a level 6 spell: Death Channel
 12955 | Orc:2    | Noticed a centaur warrior
 12966 | Orc:2    | Killed a two-headed ogre
 12971 | Orc:2    | Killed a centaur warrior
 12988 | Orc:2    | Reached XP level 13. HP: 64/99 MP: 4/28
 13183 | Orc:2    | Reached ***** piety under Kikubaaqudgha
 13447 | Orc:2    | Reached skill level 10 in Conjurations
 13634 | Orc:2    | Found Alehayba's Magic Scroll Boutique.
 13634 | Orc:2    | Found Xeuqan's Jewellery Emporium.
 13636 | Orc:2    | Found Ukycrow's Antique Weapon Shoppe.
 13638 | Orc:2    | Found Daimupop's General Store.
 13650 | Orc:2    | Bought a scroll of acquirement for 624 gold pieces
 13651 | Orc:2    | Acquired the ring of Ifubu {rF+ Will+ rCorr Dex-4 SInv}
 13658 | Orc:2    | Acquired a book of the Earth
 14647 | Lair:1   | Entered Level 1 of the Lair of Beasts
 14804 | Lair:1   | Learned a level 5 spell: Lee's Rapid Deconstruction
 15328 | Lair:2   | Noticed Fannar
 15419 | Lair:2   | Reached skill level 14 in Earth Magic
 15424 | Lair:2   | Reached skill level 5 in Fighting
 15612 | Lair:2   | Killed Fannar
 15817 | Lair:2   | Found a staircase to the Snake Pit.
 15836 | Lair:2   | Identified the +2 leather armour "Afoupiur" {rF++ Int+7
                  | Stlth-}
 16437 | Lair:3   | You fall into a shaft and drop 1 floor!
 16787 | Lair:3   | Found a staircase to the Shoals.
 16931 | Lair:3   | Reached ****** piety under Kikubaaqudgha
 17019 | Lair:3   | Noticed Gastronok
 17057 | Lair:3   | Killed Gastronok
 17058 | Lair:3   | Reached XP level 14. HP: 107/107 MP: 13/30
 17173 | Lair:3   | Reached skill level 10 in Necromancy
 18058 | Lair:4   | Noticed Sonja
 18060 | Lair:4   | Killed Sonja
 18223 | Lair:4   | Found a transporter.
 18223 | Lair:4   | Found a transporter.
 18223 | Lair:4   | Found the +12 glaive of Prune {vorpal}
 18242 | Lair:4   | Noticed Saozxam's ghost (journeyman KoHu)
 18392 | Lair:4   | Found a viscous altar of Jiyva.
 18392 | Lair:4   | Found a staircase to the Slime Pits.
 18403 | Lair:4   | Reached skill level 15 in Earth Magic
 18935 | Lair:4   | Killed Saozxam's ghost
 18987 | Lair:5   | Entered Level 5 of the Lair of Beasts
 19123 | Lair:5   | Found a dark tunnel.
 19215 | Volcano  | Entered a volcano
 20108 | Lair:5   | Reached XP level 15. HP: 113/113 MP: 32/32
 20522 | Lair:5   | Learned a level 5 spell: Iskenderun's Battlesphere
 20827 | Lair:5   | Identified the +6 short sword "Cuiniash" {chaos, Stlth+}
 21183 | D:7      | Killed pigah's ghost
 21184 | D:7      | Reached skill level 16 in Earth Magic
 21222 | D:7      | Acquired the +1 cloak of Oleigg {Fly}
 21406 | D:12     | Killed Rupert
 22655 | D:13     | Found a gate to the Vaults.
 23874 | D:15     | Entered Level 15 of the Dungeon
 23937 | D:15     | Identified the +7 whip of Nightmares {drain, SInv}
 24221 | D:15     | Reached skill level 15 in Spellcasting
 24221 | D:15     | Reached XP level 16. HP: 121/121 MP: 15/35
 24462 | D:15     | Reached skill level 17 in Earth Magic
 25202 | D:15     | Found a staircase to the Depths.
 25394 | Snake:1  | Entered Level 1 of the Snake Pit
 25394 | Snake:1  | Found a transporter.
 25395 | Snake:1  | Found a transporter.
 25404 | Snake:1  | Noticed Aizul
 25404 | Snake:1  | Noticed Jorgrun
 25576 | Snake:1  | Found Napp's Jewellery Shop.
 25621 | Snake:1  | Found a transporter.
 25640 | Lair:2   | Killed Jorgrun
 25838 | Snake:1  | Killed Aizul
 25866 | Snake:1  | Found a transporter.
 25898 | Snake:1  | Found a transporter.
 25900 | Snake:1  | Found a transporter.
 26252 | Snake:1  | Noticed Frances
 26261 | Snake:1  | Killed Frances
 27419 | Snake:2  | Identified the amulet "Ihutoxoz" {Faith rPois Will+}
 27485 | Snake:2  | Reached skill level 1 in Shields
 28753 | Snake:3  | Reached XP level 17. HP: 127/127 MP: 32/37
 28779 | Snake:3  | Got Nunenac's Volume of Unified Poisoning
 28838 | Snake:3  | Found a runed translucent door.
 28855 | Snake:3  | Noticed Holoquod's ghost (adept MiMo)
 30118 | Snake:4  | Entered Level 4 of the Snake Pit
 30145 | Snake:4  | Reached skill level 18 in Earth Magic
 30363 | Snake:4  | Found Gafroc's Antique Armour Shop.
 30363 | Snake:4  | Found Zedghygyt's Weapon Boutique.
 30463 | Snake:4  | Reached skill level 15 in Necromancy
 31593 | Snake:4  | Noticed Vashnia
 31601 | Snake:4  | Killed Vashnia
 32775 | Snake:4  | Got a serpentine rune of Zot
 32909 | Lair:2   | Upgraded the game from 0.30-a0-222-ge547ba4400 to
                  | 0.30-a0-223-gcb0039aa0c
 32983 | Shoals:1 | Entered Level 1 of the Shoals
 33157 | Shoals:1 | Reached XP level 18. HP: 70/135 MP: 34/39
 33764 | Shoals:1 | Found Ubaickem's Antique Armour Emporium.
 33806 | Shoals:1 | Bought a pair of embroidered gloves for 270 gold pieces
 33878 | Shoals:1 | Noticed Mlioglotl
 33887 | Shoals:1 | Killed Mlioglotl
 33938 | Shoals:2 | Found Onytirgha's Weapon Shop.
 34331 | Shoals:2 | Found a runed translucent gate.
 34331 | Shoals:2 | Found a runed translucent gate.
 34331 | Shoals:2 | Found a runed translucent gate.
 34332 | Shoals:2 | Found an opulent altar of Gozag.
 34332 | Shoals:2 | Found Obunat's Assorted Antiques.
 34332 | Shoals:2 | Noticed Bediveer's ghost (adept KoHu)
 34334 | Shoals:2 | Found Wickirgheke's Assorted Antiques.
 35297 | Shoals:2 | Bought a potion of haste for 220 gold pieces
 35314 | Shoals:2 | Bought a masterwork war axe for 195 gold pieces
 35314 | Shoals:2 | Identified the +9 war axe of Houtuis {venom, Fragile rF+
                  | Str+3 SInv} (You bought it in a shop on level 2 of the
                  | Shoals)
 35860 | Shoals:3 | Reached skill level 19 in Earth Magic
 36557 | Shoals:3 | Received a gift from Kikubaaqudgha
 36565 | Shoals:3 | Learned a level 6 spell: Iron Shot
 36574 | Shoals:3 | Learned a level 8 spell: Infestation
 36736 | Shoals:3 | Identified the +1 rapier "Giantslayer" {drain, rPois rF-
                  | Int+2}
 36749 | Shoals:4 | Entered Level 4 of the Shoals
 36777 | Shoals:4 | Noticed Louise
 36809 | Shoals:4 | Killed Louise
 37161 | Shoals:4 | Got the Folio of Entrancing Elsewhere
 37328 | Shoals:4 | Identified the +11 rapier of Fatigue {holy, rC- rN+++
                  | Stlth+}
 37534 | Shoals:4 | Got a barnacled rune of Zot
 37830 | Elf:1    | Entered Level 1 of the Elven Halls
 37840 | Elf:1    | Reached XP level 19. HP: 133/140 MP: 21/41
 37950 | Elf:1    | Paralysed by an air elemental for 1 turns
 37969 | Elf:1    | Paralysed by an air elemental for 1 turns
 37969 | Elf:1    | Noticed Zenata
 37988 | Elf:1    | HP: 3/140 [+5 dire flail of holy wrath[Zenata] (23)]
 37989 | Elf:1    | Found Cuteoth's Armour Shop.
 37994 | Elf:1    | Mangled by a water elemental

Illustrated notes

Levels and vault maps discovered:
D:1:      minmay_arrival_shoal_huts, layout_basic,
          chequers_ecumenical_altar_simple, nicolae_kite_square_tiling_tiny
D:2:      layout_basic
D:3:      layout_basic, serial_shops, shop, shop_coins, nicolae_diamond_shop,
          nicolae_diamond_shop, minmay_unequal, uniq_terence
D:4:      layout_loops_ring, mainiacjoe_overflow_concentric_impassable,
          pf_just_have_faith, uniq_natasha
D:5:      layout_loops_ring, bloody_makhleb
D:6:      layout_cave_pools, minmay_overflow_temple_hex,
          minmay_temple_entry_glass, serial_shops, shop, kennysheep_crisscross,
          uniq_maggie
D:7:      layout_loops_ring, serial_shops, nicolae_shop_overgrown_old_shop,
          nzn_ghost_randoct, minivault_19
D:8:      layout_basic, bloody_trog, mainiacjoe_overflow_cross_hatched
D:9:      minmay_octagon_keep, layout_loops_ring,
          nicolae_hepliaklqana_hippocampus, mainiacjoe_overflow_six_doors_small,
          solitary_fountain
D:10:     layout_irregular_city, amcnicky_altar_gilded,
          nicolae_yredelemnul_corpse_copse, david_orc_1_choice,
          minmay_hollow_rounded_squares
D:11:     layout_loops_ring, david_lair_generic, serial_shops,
          nicolae_stop_n_shop_2, nicolae_trove_entry_crystal
D:12:     layout_gridville, kennysheep_okawaru_gauntlet, uniq_rupert
D:13:     layout_stronghold, grunt_vaults_entry_fortified
D:14:     layout_big_octagon, chequers_serial_rivers_large_a,
          hangedman_cracks_in_the_wall
D:15:     hangedman_depths_entry_try_elsewhere_first, layout_cave_pools,
          minmay_misc_feat_enclosed, serial_ice, serial_ice_i, serial_ice_a,
          serial_ice_n, serial_ice_b
Temple:   nicolae_temple_superstar
Lair:1:   layout_chaotic_city
Lair:2:   layout_loops_ring, guppyfry_snake_entry_garden, serial_bayou_shore_a,
          uniq_fannar
Lair:3:   nzn_winding_woodlands_three_and_one
          [nzn_winding_woodlands_5x15_split_checker,
          nzn_winding_woodlands_5x15_garden,
          nzn_winding_woodlands_5x15_longhouse,
          nzn_winding_woodlands_center_pierced_h], layout_cave_pods,
          minmay_shoals_entry_lonely_mermaid, lemuel_fruit_tree, uniq_gastronok
Lair:4:   layout_loops_ring, slime_entry_1, gammafunk_ghost_hive,
          dreamdust_wasp_nest, infiniplex_staircase_pool_2, uniq_sonja
Lair:5:   hangedman_lair_in_review, layout_regular_city,
          hangedman_lair_caniforms_friends, nicolae_volcano_entry_hallway,
          serial_bayou_pond_e
Shoals:1: layout_shoals, serial_shops, nicolae_shop_advertising_works
          [nicolae_subvault_shop_adworks], uniq_mlioglotl
Shoals:2: layout_shoals, ebering_ghost_gozag, serial_shops, shop,
          nicolae_shoals_goliath_grotto
Shoals:3: layout_shoals, nicolae_shoals_hidden_pirate_stash
Shoals:4: shoals_end_simple, layout_shoals, uniq_louise
Snake:1:  layout_grid_maze, serial_shops, shop, serial_nicolae_subway,
          nicolae_sub_station_crystal, nicolae_sub_station_stone,
          nicolae_sub_station_metal, uniq_frances, uniq_aizul, uniq_jorgrun
Snake:2:  layout_honeycomb, nicolae_snake_salamander_fort
Snake:3:  minmay_snake_river, layout_chambers, ebering_ghost_inner_flame
Snake:4:  grunt_snake_rune_serpentine_throne, layout_layer_cave, st_stairs_13,
          minmay_shoptagon, uniq_vashnia
Orc:1:    layout_caves
Orc:2:    st_orc_rangers, layout_caves, basic_altar,
          portal_ice_cave_entry_pillars_1
Elf:1:    eino_elf_arrival_sip, layout_rooms, serial_shops, shop,
          shop_fountains, minmay_elf_necromancy, kilobyte_mutagenic_chamber,
          uniq_zenata

Skill      XL: |  1  2  3  4  5  6  7  8  9 10 11 12 13 14 15 16 17 18 |
---------------+-------------------------------------------------------+-----
Dodging        | 2 3 4 5 6 7 |  7.3
Fighting       | 1 2 3 4 5 |  5.8
Stealth        | 2 3 4 5 6 |  6.3
Earth Magic    | 4 5 6 7 9 10 12 13 14 15 16 17 18 19 | 19.6
Spellcasting   | 3 4 5 7 8 10 11 12 13 15 16 17 18 | 18.6
Conjurations   | 1 3 5 7 8 9 10 11 12 13 | 13.7
Necromancy     | 1 3 4 5 7 9 12 13 14 15 17 | 17.0
Shields        | 1 2 |  2.4
Transmutations | |  1.0
Evocations     | |  0.2

Action                   |  1- 3 |  4- 6 |  7- 9 | 10-12 | 13-15 | 16-18 | 19-21 || total
-------------------------+-------+-------+-------+-------+-------+-------+-------++-------
Melee: Whip              |    41 |       |       |       |       |       |       ||    41
       Tailslap          |    10 |     4 |     5 |     2 |    19 |     3 |     1 ||    44
       Spear             |    38 |       |       |       |       |       |       ||    38
       Punch             |     1 |     1 |       |       |     2 |       |       ||     4
       Dagger            |    50 |    15 |       |       |       |       |       ||    65
       Hand axe          |       |    15 |       |       |       |       |       ||    15
       Mace              |       |    52 |    24 |       |       |       |       ||    76
       Trident           |       |       |    18 |    30 |   149 |    34 |     1 ||   232
 Cast: Sandblast         |    10 |    29 |     3 |       |       |       |       ||    42
       Stone Arrow       |       |       |   104 |   349 |   508 |   616 |     5 ||  1582
       Necrotise         |       |       |       |    17 |     4 |     1 |       ||    22
       Borgnjor's Vile C |       |       |       |    24 |    86 |   103 |     2 ||   215
       Death Channel     |       |       |       |     2 |    70 |   101 |     1 ||   174
       Lee's Rapid Decon |       |       |       |       |    21 |    40 |     7 ||    68
       Iskenderun's Batt |       |       |       |       |    33 |   124 |     1 ||   158
       Infestation       |       |       |       |       |       |     8 |       ||     8
       Iron Shot         |       |       |       |       |       |     2 |     2 ||     4
Invok: Unearth Wretches  |       |       |       |       |     2 |     1 |       ||     3
       Receive Forbidden |       |       |       |       |       |     1 |       ||     1
Evoke: Wand              |       |       |       |       |     3 |     3 |       ||     6
  Use: Scroll            |       |       |       |     7 |    22 |    12 |     3 ||    44
       Potion            |       |       |       |     1 |     1 |     1 |     2 ||     5
 Stab: Sleeping          |     3 |     1 |     2 |       |       |       |       ||     6
       Distracted        |       |       |       |     1 |     5 |     3 |       ||     9
       Paralysed         |       |       |       |       |     2 |       |       ||     2
Armor: Skin              |    42 |    25 |    40 |    92 |   225 |   162 |    10 ||   596
Dodge: Dodged            |    85 |    45 |    47 |   125 |   505 |   194 |    14 ||  1015
Block: Buckler           |       |       |       |       |     4 |    69 |     2 ||    75

Table legend: (Time is in decaauts)
 A = Elapsed time spent in this place.
 B = Non-inter-level travel time spent in this place.
 C = Inter-level travel time spent in this place.
 D = Time resting spent in this place.
 E = Time spent auto-exploring this place.
 F = Levels seen in this place.
 G = Mean time per level.
                   A        B        C        D        E       F      G
               +--------+--------+--------+--------+--------+-----+--------+
         Total |  38212 |  36287 |   1925 |   7314 |  14722 |  34 | 1123.9 |
       Dungeon |  16310 |  15310 |   1000 |   2055 |   8348 |  15 | 1087.3 |
        Temple |     80 |     80 |      0 |      0 |      0 |   1 |   80.0 |
          Lair |   6573 |   6060 |    513 |    806 |   2864 |   5 | 1314.6 |
        Shoals |   4669 |   4596 |     73 |   1995 |      0 |   4 | 1167.2 |
     Snake Pit |   7339 |   7119 |    220 |   1744 |   2605 |   4 | 1834.8 |
  Orcish Mines |   2347 |   2231 |    116 |    441 |    825 |   2 | 1173.5 |
   Elven Halls |    164 |    164 |      0 |     24 |      0 |   1 |  164.0 |
      Ice Cave |    391 |    391 |      0 |    249 |      0 |   1 |  391.0 |
       Volcano |    334 |    334 |      0 |      0 |     80 |   1 |  334.0 |
               +--------+--------+--------+--------+--------+-----+--------+

Top non-repeatable levels by time:
 Snake:4: 2701 daAuts
    D:10: 1767 daAuts
 Snake:3: 1738 daAuts
  Lair:5: 1596 daAuts
   Orc:2: 1566 daAuts
  Lair:3: 1536 daAuts
 Snake:2: 1478 daAuts
     D:9: 1438 daAuts
 Snake:1: 1421 daAuts
Shoals:1: 1395 daAuts
    D:13: 1357 daAuts
    D:11: 1311 daAuts
  Lair:4: 1242 daAuts
Shoals:3: 1226 daAuts
  Lair:2: 1219 daAuts
